 Dungeon Crawl Stone Soup version 0.19-a0-503-g45a6586 (webtiles) character file.

107 shklvsk the Chopper (level 4, -4/33 HPs)
             Began as a Demonspawn Skald on June 5, 2016.
             Was a Follower of Sif Muna.
             Slain by an ogre
             ... wielding a +0 giant club
              (22 damage)
             ... on level 3 of the Dungeon.
             The game lasted 00:05:41 (2968 turns).

shklvsk the Chopper (Demonspawn Skald)              Turns: 2968, Time: 00:05:42

Health: -4/33      AC:  5    Str: 13    XL:     4   Next: 56%
Magic:  1/7        EV: 10    Int: 14    God:    Sif Muna [*.....]
Gold:   92         SH:  0    Dex: 12    Spells: 3 memorised, 1 level left

rFire  . . .     SeeInvis .     a - +0 hand axe
rCold  + . .     Gourm    .     m - +0 ring mail
rNeg   . . .     Faith    .     (no shield)
rPois  .         Spirit   .     (helmet restricted)
rElec  .         Dismiss  .     (no cloak)
rCorr  .         Reflect  .     (no gloves)
SustAt .         Harm     .     (no boots)
MR     .....                    (no amulet)
Stlth  +.........               (no ring)
                                (no ring)

@: infused, not resistant to hostile enchantments, very unstealthy
A: horns 1, cold resistance 1
a: Channel Energy, Renounce Religion


You were on level 3 of the Dungeon.
You worshipped Sif Muna.
Sif Muna was aware of your devotion.
You were hungry.

You visited 1 branch of the dungeon, and saw 3 of its levels.

You collected 92 gold pieces.

Inventory:

Hand Weapons
 a - a +0 hand axe (weapon)
Missiles
 f - 107 stones (quivered)
Armour
 m - a +0 ring mail (worn)
   (You found it on level 1 of the Dungeon)
Scrolls
 e - a scroll of magic mapping {unknown}
 l - 3 scrolls of identify {unknown}
 n - a scroll of fog {unknown}
 p - a scroll of enchant weapon {unknown}
Potions
 g - a potion of curing
 h - a potion of haste {unknown}
 i - a potion of cancellation {unknown}
 k - a potion of lignification {unknown}
 o - a potion of experience {unknown}
Books
 c - a book of Battle
Comestibles
 b - a slice of pizza
 d - 2 bread rations {@e1}
 j - a chunk of flesh {@w0}
 q - 4 fruits


   Skills:
 + Level 2.0 Fighting
 * Level 4.0 Axes
 + Level 1.0 Armour
 + Level 0.8 Dodging
 - Level 2.0 Spellcasting
 * Level 1.4 Hexes
 + Level 2.6 Charms


You had one spell level left.
You knew the following spells:

 Your Spells              Type           Power        Failure   Level  Hunger
a - Infusion              Chrm           #...         17%         1    ##.....
s - Shroud of Golubria    Chrm/Tloc      #.........   52%         2    ###....
z - Spectral Weapon       Hex/Chrm       #.......     69%         3    ####...


Dungeon Overview and Level Annotations

Branches:
Dungeon (3/15)

Altars:
Cheibriados
Qazlal
Sif Muna

Annotations:
D:2 Crazy Yiuf


Innate Abilities, Weirdness & Mutations

You have a pair of small horns on your head.
Your flesh is cold resistant. (rC+)


Message History

A jackal comes into view.
A goblin comes into view.
The goblin shouts!
The jackal barks!
The jackal bites you but does no damage.
A jackal comes into view.
You see here a goblin corpse.
You begin infusing your attacks with magical energy.
The jackal barks!
The jackal bites you but does no damage.
You now have 6/7 mp.
You hit the jackal.
The jackal bites you but does no damage.
You now have 5/7 mp.
You barely miss the jackal. The jackal completely misses you. x2
You hit the jackal.
You kill the jackal!
The goblin wields a hunting sling.
The goblin shoots a stone.
The stone barely misses you.
You now have 4/7 mp.
The goblin unwields an uncursed hunting sling.
The goblin barely misses you.
You miss the goblin. The goblin hits you but does no damage.
A jackal comes into view.
The jackal barks!
You hit the goblin. The goblin barely misses you.
You now have 3/7 mp.
You closely miss the goblin. The goblin completely misses you.
You barely miss the goblin. The goblin barely misses you. The jackal bites you.
You hit the goblin.
You kill the goblin!
You hit the jackal.
You kill the jackal!
You now have 2/7 mp.
You hit the jackal!
You kill the jackal!
You now have 1/7 mp.
f - 106 stones (gained 22)
Things that are here:
an uncursed hunting sling; a jackal corpse You butcher the jackal corpse.
j - 2 chunks of flesh {@w0} You see here an uncursed hunting sling.
Your magical infusion is running out.
Eating one of 2 chunks of flesh {@w0}.
You continue eating. x2
You start resting.
You are no longer magically infusing your attacks.
You see here a goblin corpse.
f - 107 stones (gained 1)
q - 4 fruits You start resting.
An ogre comes into view. It is wielding a giant club.
You start resting.
Health restored: 33; MP restored: 7 A hobgoblin comes into view.
It is wielding a club.
The hobgoblin shouts!
A giant gecko comes into view.
You hit the hobgoblin.
The hobgoblin hits you but does no damage.
You hit the hobgoblin.
You kill the hobgoblin!
You see here a club.
You completely miss the giant gecko. The giant gecko barely misses you.
The giant gecko bites you but does no damage.
You barely miss the giant gecko. The giant gecko closely misses you.
You barely miss the giant gecko.
You headbutt the giant gecko, but do no damage.
The giant gecko bites you but does no damage.
You hit the giant gecko but do no damage.
The giant gecko bites you but does no damage.
You hit the giant gecko. Your headbutt misses the giant gecko.
The giant gecko bites you. The giant gecko barely misses you.
You take 1 damage, and have 32/33 hp.
You barely miss the giant gecko. The giant gecko closely misses you.
You hit the giant gecko.
You kill the giant gecko!
Your Armour skill increases to level 1!
No target in view!
No target in view!
Found a stone staircase leading down.
Health restored: 33 The ogre shouts!
The ogre is too close now for your liking.
You begin infusing your attacks with magical energy.
You now have 6/7 mp.
You don't know that spell.
Space distorts slightly along a thin shroud covering your body.
You are feeling hungry.
You now have 4/7 mp.
You hit the ogre. The ogre hits you with a giant club!
You take 16 damage, and have 17/33 hp.
MASSIVE DAMAGE!!
You now have 3/7 mp.
You hit the ogre.
Your shroud begins to fray at the edges.
The ogre barely misses you.
You now have 2/7 mp.
You hit the ogre! You headbutt the ogre. The ogre hits you with a giant club!!
Ouch! That really hurt!
You die...

#### ..# # #.### #.
#########@#.######.#####
.........O..........<..###
............######........
#########..............###
#..>#####...#..### ###...#
##.........# #.....#
#...........
#.##..####.....#..†# #.
#..........##..##


You could see an ogre.

Vanquished Creatures
  4 adders
  An ooze (D:2)
  A worm (D:2)
  2 dart slugs (D:1)
  4 giant geckos
  2 giant cockroaches (D:1)
  7 hobgoblins
  6 jackals
  8 kobolds
  A quokka (D:2)
  3 bats (D:1)
  2 giant newts (D:1)
  6 goblins
  6 rats
53 creatures vanquished.

Notes
Turn   | Place    | Note
--------------------------------------------------------------
     0 | D:1      | shklvsk the Demonspawn Skald began the quest for the Orb.
     0 | D:1      | Reached XP level 1. HP: 16/16 MP: 3/3
    13 | D:1      | Reached skill level 2 in Axes
   171 | D:1      | Gained mutation: Your flesh is cold resistant. (rC+) [demonic ancestry]
   171 | D:1      | Reached XP level 2. HP: 12/22 MP: 5/5
   559 | D:1      | Reached skill level 3 in Axes
   779 | D:1      | Gained mutation: You have a pair of small horns on your head. [demonic ancestry]
   779 | D:1      | Reached XP level 3. HP: 22/27 MP: 6/6
  1122 | D:1      | Learned a level 2 spell: Shroud of Golubria
  1126 | D:1      | Learned a level 3 spell: Spectral Weapon
  1218 | D:2      | Found a faded altar of an unknown god.
  1262 | D:2      | Became a worshipper of Sif Muna the Loreminder
  1262 | D:2      | Reached * piety under Sif Muna
  1542 | D:2      | Reached skill level 1 in Hexes
  1648 | D:2      | Reached XP level 4. HP: 33/33 MP: 7/7
  1818 | D:2      | HP: 8/33 [poisoned by an adder]
  2469 | D:2      | Found a stormy altar of Qazlal.
  2476 | D:2      | Found a snail-covered altar of Cheibriados.
  2480 | D:2      | Found a deep blue altar of Sif Muna.
  2576 | D:2      | Noticed Crazy Yiuf
  2594 | D:2      | HP: 3/33 [Crazy Yiuf/quarterstaff of chaos (16)]
  2824 | D:3      | Reached skill level 4 in Axes
  2903 | D:3      | Noticed an ogre
  2945 | D:3      | Reached skill level 1 in Armour
  2968 | D:3      | Slain by an ogre

Vault maps used:
D:1:      kennysheep_arrival_forest, minmay_misc_feat_x, bh_walls_and_bars
D:2:      minmay_overflow_temple_star_quad, ecumenical_altar_1,
          uniq_crazy_yiuf_cottage, uniq_iyjb

Skill      XL: |  1  2  3  4 |
---------------+-------------+-----
Axes           | 2 3 4 |  4.0
Hexes          | 1 |  1.4
Armour         | 1 |  1.0
Fighting       | |  2.0
Dodging        | |  0.8
Spellcasting   | |  2.0
Charms         | |  2.6

Action                   |  1- 3 |  4- 6 || total
-------------------------+-------+-------++-------
Melee: Hand axe          |   124 |    53 ||   177
       Headbutt          |     7 |     7 ||    14
 Cast: Infusion          |       |     5 ||     5
       Shroud of Golubri |       |     2 ||     2
  Use: Potion            |       |     1 ||     1
  Eat: Chunk             |     2 |     3 ||     5
       Beef jerky        |       |     1 ||     1
Armor: Leather armour    |    22 |       ||    22
       Ring mail         |    10 |    21 ||    31
Dodge: Dodged            |    83 |    29 ||   112

Vault maps used:
D:1:      kennysheep_arrival_forest, minmay_misc_feat_x, bh_walls_and_bars
D:2:      minmay_overflow_temple_star_quad, ecumenical_altar_1,
          uniq_crazy_yiuf_cottage, uniq_iyjb

Table legend:
 A = Turns spent in this place as a percentage of turns spent in the entire game.
 B = Non-inter-level travel turns spent in this place as a percentage of non-inter-level travel turns spent in the entire game.
 C = Inter-level travel turns spent in this place as a percentage of turns spent in this place.
 D = Turns resting spent in this place as a percentage of non-inter-level travel turns spent in this place.
 E = Turns spent auto-exploring this place as a percentage of non-inter-level travel turns spent in this place.
 F = Non-inter-level travel turns spent in this place divided by the number of levels of this place that you've seen.
                   A       B       C       D       E      F
               +-------+-------+-------+-------+-------+----------------------
         Total | 100.0 | 100.0 |   0.5 |   6.1 |   9.8 | 201.0
       Dungeon | 100.0 | 100.0 |   0.5 |   6.1 |   9.8 | 201.0
               +-------+-------+-------+-------+-------+----------------------

Table legend:
 A = Kills in this place as a percentage of kills in entire the game.
 B = Kills by you in this place as a percentage of kills by you in the entire game.
 C = Kills by friends in this place as a percentage of kills by friends in the entire game.
 D = Other kills in this place as a percentage of other kills in the entire game.
 E = Experience gained in this place as a percentage of experience gained in the entire game.
 F = Experience gained in this place divided by the number of levels of this place that you have seen.
                   A       B       C       D       E      F
               +-------+-------+-------+-------+-------+----------------------
         Total | 100.0 | 100.0 |  -nan |  -nan | 100.0 |  51.0
       Dungeon | 100.0 | 100.0 |  -nan |  -nan | 100.0 |  51.0
               +-------+-------+-------+-------+-------+----------------------
